BSA
MAUI TROPICS @ BAFFIN ISLAND BEAVERS
04/10/2027
 
TOP OF THE 1ST
Maui Tropics batting - Pitching for Baffin Island Beavers : RHP Jesse Little
Pitching: RHP Jesse Little
Batting: LHB Mario Olivares 0-0: Swinging Strike
0-1: Called Strike
0-2: Ground out 4-3 (Groundball, 34)
Batting: LHB Luis Antonio Torres 0-0: Ball
1-0: Swinging Strike
1-1: Ball
2-1: Swinging Strike
2-2: Ball
3-2: Foul Ball, location: 2F
3-2: Strikes out swinging
Batting: RHB Jesús Espinoza 0-0: Ground out 5-3 (Groundball, 56S)
Top of the 1st over - 0 run(s), 0 hit(s), 0 error(s), 0 left on base; Maui 0 - Baffin Island 0
BOTTOM OF THE 1ST
Baffin Island Beavers batting - Pitching for Maui Tropics : RHP Steve Floyd
Pitching: RHP Steve Floyd
Batting: LHB Chris Bates 0-0: Ball
1-0: Called Strike
1-1: Ground out 3-1 (Groundball, 34)
Batting: RHB Dave Craig 0-0: Called Strike
0-1: Fly out, F5 (Line Drive, 5S)
Batting: LHB Norberto Muñóz 0-0: Called Strike
0-1: Ball
1-1: Ground out 4-3 (Groundball, 34)
Bottom of the 1st over - 0 run(s), 0 hit(s), 0 error(s), 0 left on base; Maui 0 - Baffin Island 0
TOP OF THE 2ND
Maui Tropics batting - Pitching for Baffin Island Beavers : RHP Jesse Little
Batting: RHB Luis Alou 0-0: Foul Ball, location: 2F
0-1: Ground out 5-3 (Groundball, 56)
Batting: RHB José Herrera 0-0: Ball
1-0: Called Strike
1-1: Swinging Strike
1-2: Foul Ball, location: 2F
1-2: Fly out, F7 (Flyball, 78M)
Batting: LHB Anacleto Morillo 0-0: Called Strike
0-1: Ball
1-1: Called Strike
1-2: Fly out, F7 (Flyball, 7LS)
Top of the 2nd over - 0 run(s), 0 hit(s), 0 error(s), 0 left on base; Maui 0 - Baffin Island 0
BOTTOM OF THE 2ND
Baffin Island Beavers batting - Pitching for Maui Tropics : RHP Steve Floyd
Batting: RHB Tony Morton 0-0: Called Strike
0-1: Ball
1-1: Ground out 3-1 (Groundball, 34S)
Batting: LHB Lorenzo Villa 0-0: Called Strike
0-1: Ball
1-1: Swinging Strike
1-2: Foul Ball, location: 2F
1-2: Fly out, F7 (Flyball, 7LSF)
Batting: SHB Alonso Ferreira 0-0: Fly out, F6 (Popup, 56D)
Bottom of the 2nd over - 0 run(s), 0 hit(s), 0 error(s), 0 left on base; Maui 0 - Baffin Island 0
TOP OF THE 3RD
Maui Tropics batting - Pitching for Baffin Island Beavers : RHP Jesse Little
Batting: RHB Michael Woodruff 0-0: Called Strike
0-1: Foul Ball, location: 2F
0-2: Ball
1-2: Strikes out swinging
Batting: LHB Mike Pearson 0-0: Ball
1-0: Ball
2-0: Ground out 3-1 (Groundball, 34S)
Batting: LHB Javier Espinoza 0-0: Ball
1-0: Called Strike
1-1: Called Strike
1-2: Strikes out swinging
Top of the 3rd over - 0 run(s), 0 hit(s), 0 error(s), 0 left on base; Maui 0 - Baffin Island 0
BOTTOM OF THE 3RD
Baffin Island Beavers batting - Pitching for Maui Tropics : RHP Steve Floyd
Batting: LHB Mario García 0-0: Ball
1-0: Ball
2-0: SINGLE (Flyball, 89S)
Batting: LHB Keng-chi Lao 0-0: Foul Ball, location: 2F
0-1: Ball
1-1: Ball
2-1: Ball
3-1: Base on Balls
Mario García to second
Batting: LHB Mike MacFadden 0-0: Called Strike
0-1: Ball
1-1: Ball
2-1: Foul Ball, location: 2F
2-2: Fly out, F7 (Flyball, 78S)
Batting: LHB Chris Bates 0-0: Ball
1-0: Foul Ball, location: 2F
1-1: Ball
2-1: Swinging Strike
2-2: Foul Ball, location: 2F
2-2: Ball
3-2: Reached on error, E3 (Groundball, 34)
Mario García to third
Keng-chi Lao to second
Batting: RHB Dave Craig 0-0: Ball
1-0: Foul Ball, location: 2F
1-1: Foul Ball, location: 2F
1-2: Fly out, F5 (Line Drive, 5L)
Batting: LHB Norberto Muñóz 0-0: Called Strike
0-1: Ball
1-1: Fielders Choice at 2nd, 4-6 (Groundball, 4)
Bottom of the 3rd over - 0 run(s), 1 hit(s), 1 error(s), 2 left on base; Maui 0 - Baffin Island 0
TOP OF THE 4TH
Maui Tropics batting - Pitching for Baffin Island Beavers : RHP Jesse Little
Batting: LHB Mario Olivares 0-0: Called Strike
0-1: Foul Ball, location: 2F
0-2: Foul Ball, location: 2F
0-2: Ball
1-2: Ball
2-2: SINGLE (Groundball, 4MD)
Batting: LHB Luis Antonio Torres 0-0: Called Strike
0-1: Ball
1-1: Ball
2-1: Swinging Strike
2-2: Foul Ball, location: 2F
2-2: Ball
3-2: Strikes out swinging
Mario Olivares steals 2nd base
Batter strikes out.
Batting: RHB Jesús Espinoza 0-0: Called Strike
0-1: Ball
1-1: Fly out, F7 (Line Drive, 7LD)
Runner from 2nd tags up, SAFE at 3rd, no throw
Batting: RHB Luis Alou 0-0: Called Strike
0-1: Ball
1-1: Called Strike
1-2: Strikes out swinging
Top of the 4th over - 0 run(s), 1 hit(s), 0 error(s), 1 left on base; Maui 0 - Baffin Island 0
BOTTOM OF THE 4TH
Baffin Island Beavers batting - Pitching for Maui Tropics : RHP Steve Floyd
Batting: RHB Tony Morton 0-0: Ball
1-0: Ball
2-0: Ground out 6-3 (Groundball, 6)
Batting: LHB Lorenzo Villa 0-0: Called Strike
0-1: Ball
1-1: Called Strike
1-2: SINGLE (Groundball, 34D)
Batting: SHB Alonso Ferreira 0-0: Grounds into double play, 4-6-3 (Groundball, 4)
Bottom of the 4th over - 0 run(s), 1 hit(s), 0 error(s), 0 left on base; Maui 0 - Baffin Island 0
TOP OF THE 5TH
Maui Tropics batting - Pitching for Baffin Island Beavers : RHP Jesse Little
Batting: RHB José Herrera 0-0: Ball
1-0: Called Strike
1-1: Foul Ball, location: 2F
1-2: Strikes out swinging
Batting: LHB Anacleto Morillo 0-0: Ball
1-0: Fly out, F4 (Popup, 34D)
Batting: RHB Michael Woodruff 0-0: Called Strike
0-1: Ball
1-1: Ball
2-1: Ball
3-1: Foul Ball, location: 2F
3-2: Strikes out looking
Top of the 5th over - 0 run(s), 0 hit(s), 0 error(s), 0 left on base; Maui 0 - Baffin Island 0
BOTTOM OF THE 5TH
Baffin Island Beavers batting - Pitching for Maui Tropics : RHP Steve Floyd
Batting: LHB Mario García 0-0: Hit by Pitch
Batting: LHB Keng-chi Lao 0-0: Called Strike
0-1: Ball
1-1: Swinging Strike
1-2: Ground out U3 (Groundball, 3S)
Mario García to second
Batting: LHB Mike MacFadden 0-0: Ball
1-0: Foul Ball, location: 2F
1-1: Foul Ball, location: 2F
1-2: Ball
Wild Pitch!
Mario García to third
2-2: Fly out, F8 (Flyball, 8LM)
Runner from 3rd tags up, SCORES, throw made
Batting: LHB Chris Bates 0-0: Called Strike
0-1: Ball
1-1: Foul Ball, location: 2F
1-2: Foul Ball, location: 2F
1-2: Ball
2-2: Ground out 5-3 (Groundball, 56)
Bottom of the 5th over - 1 run(s), 0 hit(s), 0 error(s), 0 left on base; Maui 0 - Baffin Island 1
TOP OF THE 6TH
Maui Tropics batting - Pitching for Baffin Island Beavers : RHP Jesse Little
Batting: LHB Mike Pearson 0-0: Called Strike
0-1: Ball
1-1: Ball
2-1: Swinging Strike
2-2: Foul Ball, location: 2F
2-2: Ball
3-2: Strikes out swinging
Batting: LHB Javier Espinoza 0-0: Ball
1-0: Foul Ball, location: 2F
1-1: SINGLE (Groundball, 56D)
Batting: LHB Mario Olivares 0-0: Swinging Strike
0-1: Swinging Strike
0-2: Strikes out swinging
Batting: LHB Luis Antonio Torres 0-0: Called Strike
0-1: Fly out, F7 (Flyball, 7LSF)
Top of the 6th over - 0 run(s), 1 hit(s), 0 error(s), 1 left on base; Maui 0 - Baffin Island 1
BOTTOM OF THE 6TH
Baffin Island Beavers batting - Pitching for Maui Tropics : RHP Steve Floyd
Batting: RHB Dave Craig 0-0: Called Strike
0-1: Ball
1-1: Ball
2-1: Fly out, F7 (Flyball, 7LD)
Batting: LHB Norberto Muñóz 0-0: Foul Ball, location: 2F
0-1: Ball
1-1: Ball
2-1: Called Strike
2-2: Ball
3-2: SOLO HOME RUN (Line Drive, 8RXD) (Inside the Park)
Batting: RHB Tony Morton 0-0: Foul Ball, location: 2F
0-1: Swinging Strike
0-2: Strikes out swinging
Batting: LHB Lorenzo Villa 0-0: Fly out, F9 (Line Drive, 89D)
Bottom of the 6th over - 1 run(s), 1 hit(s), 0 error(s), 0 left on base; Maui 0 - Baffin Island 2
TOP OF THE 7TH
Maui Tropics batting - Pitching for Baffin Island Beavers : RHP Jesse Little
Batting: RHB Jesús Espinoza 0-0: Foul Ball, location: 2F
0-1: Called Strike
0-2: Ball
1-2: Fly out, F9 (Flyball, 9S)
Batting: RHB Luis Alou 0-0: Called Strike
0-1: Fly out, F5 (Popup, 5S)
Batting: RHB José Herrera 0-0: Ground out 5-3 (Groundball, 56)
Top of the 7th over - 0 run(s), 0 hit(s), 0 error(s), 0 left on base; Maui 0 - Baffin Island 2
BOTTOM OF THE 7TH
Baffin Island Beavers batting - Pitching for Maui Tropics : RHP Steve Floyd
Batting: SHB Alonso Ferreira 0-0: Ground out 4-3 (Groundball, 34)
Batting: LHB Mario García 0-0: Ball
1-0: Ball
2-0: Called Strike
2-1: Ground out 6-3 (Groundball, 6)
Batting: LHB Keng-chi Lao 0-0: Ball
1-0: Ball
2-0: Called Strike
2-1: Swinging Strike
2-2: Ball
3-2: Ground out 4-3 (Groundball, 4)
Bottom of the 7th over - 0 run(s), 0 hit(s), 0 error(s), 0 left on base; Maui 0 - Baffin Island 2
TOP OF THE 8TH
Maui Tropics batting - Pitching for Baffin Island Beavers : RHP Jesse Little
Batting: LHB Anacleto Morillo 0-0: Ball
1-0: Swinging Strike
1-1: Swinging Strike
1-2: Foul Ball, location: 2F
1-2: Strikes out swinging
Batting: RHB Michael Woodruff 0-0: Ball
1-0: Foul Ball, location: 2F
1-1: Ball
2-1: Called Strike
2-2: Strikes out swinging
Batting: LHB Mike Pearson 0-0: Ball
1-0: Ball
2-0: Ball
3-0: Base on Balls
Batting: LHB Javier Espinoza 0-0: Ball
1-0: Called Strike
1-1: Foul Ball, location: 2F
1-2: Strikes out swinging
Top of the 8th over - 0 run(s), 0 hit(s), 0 error(s), 1 left on base; Maui 0 - Baffin Island 2
BOTTOM OF THE 8TH
Baffin Island Beavers batting - Pitching for Maui Tropics : RHP Steve Floyd
Pitching: RHP Luis De Los Ángeles
Batting: LHB Mike MacFadden 0-0: Ground out U3 (Groundball, 34)
Batting: LHB Chris Bates 0-0: Foul Ball, location: 2F
0-1: Ball
1-1: Ball
2-1: Ball
3-1: Called Strike
3-2: Fly out, F8 (Flyball, 8LM)
Batting: RHB Dave Craig 0-0: Foul Ball, location: 2F
0-1: Ball
1-1: Called Strike
1-2: Ball
2-2: Foul Ball, location: 2F
2-2: Foul Ball, location: 2F
2-2: Ball
3-2: Fly out, F6 (Popup, 6MD)
Bottom of the 8th over - 0 run(s), 0 hit(s), 0 error(s), 0 left on base; Maui 0 - Baffin Island 2
TOP OF THE 9TH
Maui Tropics batting - Pitching for Baffin Island Beavers : RHP Jesse Little
Pitching: LHP Edgardo Guzmán
Batting: LHB Mario Olivares 0-0: Foul Ball, location: 2F
0-1: Swinging Strike
0-2: Ground out 4-3 (Groundball, 4)
Batting: LHB Luis Antonio Torres 0-0: Called Strike
0-1: Foul Ball, location: 2F
0-2: Ball
1-2: Strikes out swinging
Batting: RHB Jesús Espinoza 0-0: Ball
1-0: Ball
2-0: Swinging Strike
2-1: Ball
3-1: Swinging Strike
3-2: Fly out, F8 (Flyball, 8LD)
Top of the 9th over - 0 run(s), 0 hit(s), 0 error(s), 0 left on base; Maui 0 - Baffin Island 2
Thursday, March 30th, 2017 - OOTP Baseball 17.12 Build 75